[Event "*** Titled Tuesday 3|2 Blitz"]
[Site "Chess.com"]
[Date "2016.10.04"]
[Round "5"]
[White "dretch"]
[Black "platy3"]
[Result "1/2-1/2"]
[WhiteElo "2660"]
[BlackElo "2748"]
[TimeControl "180+2"]
[EndTime "18:08:17 PDT"]
[Termination "Game drawn by agreement"]

1. d4 Nf6 2. c4 e6 3. Nc3 Bb4 4. Qc2 b6 5. e4 c5 6. a3 Bxc3+ 7. bxc3 Bb7 8. Bd3 b5 9. Qb1 cxd4 10. cxd4 bxc4 11. Qxb7 cxd3 12. Nf3 Nc6 13. e5 Nd5 14. O-O O-O 15. Qa6 Qb6 16. Qxd3 Rfc8 17. Ng5 f5 18.
exf6 Nxf6 19. Be3 Qa5 20. h3 Ne7 21. Rfb1 Qf5 22. Qa6 Ned5 23. Nf3 Nc3 24. Rb7 Rc6 25. Qf1 Rb6 26. Rxb6 axb6 27. Qc4 Nfd5 28. Bd2 Ne4 29. Be1 d6 30. Qb3 h6 31. Rc1 Qf7 32. Qc2 Nef6 33. Qb3 Qa7 34. Ra1 Qa4 35. Qd3 Qa6 36. Qb3 Qa4 37. Qd3 Qc6 38. Bd2 Qa4 39. Bxh6 gxh6 40.
Qg6+ Kf8 41. Qxh6+ Ke8 42. Qg6+ Kd8 43. Ng5 Qe8 44. Qg7 Qe7 45. Qh8+ Ne8 46. Qh6 Kd7 47. Re1 Ndc7 48. d5 e5 49. Qg6 Qf6 50. Qh7+ Kc8 51.
Ne4 Qd8 52. Qf5+ Kb7 53. Qf3 Ra5 54. Rb1 Nxd5 55. Nc3 Nc7 56. Rd1 Qg8 57. Ne4 Qg6 58. Nc3 Qe6 59. a4 Ka7 60. Ne4 Rxa4 61. Rc1 Na6 62. Ng5 Qg8 63. Qf5 Nc5 64. h4 Ka6 65.
g3 Qe8 66. Qc2 Qb5 67. Rd1 Nb4 68. Qf5 Qd7 69. Qf3 d5 70. h5 e4 71. Qf8 Nbd3 72.
h6 Qg4 73. Qa8+ Kb5 74. Rb1+ Kc4 75. Qg8 Qe2 76. Rf1 Ra1 77. Rxa1 Qxf2+ 78. Kh1 Qxg3 79.
Rc1+ Nxc1 80. h7 N1d3 81. Nxe4 Qh3+ 82. Kg1 Qe3+ 83. Kh2 Qf4+ 84. Ng3 Qh4+ 85. Kg1 Qd4+ 86. Kh2 Qh4+ 87. Kg1 Qd4+ 88. Kh2 1/2-1/2

[Event "*** Titled Tuesday 3|2 Blitz"]
[Site "Chess.com"]
[Date "2016.10.04"]
[Round "5"]
[White "chessking2151"]
[Black "GianmarcoVaR"]
[Result "0-1"]
[WhiteElo "2341"]
[BlackElo "2389"]
[TimeControl "180+2"]
[EndTime "18:10:23 PDT"]
[Termination "GianmarcoVaR won on time"]

1. e4 c6 2. d4 d5 3. exd5 cxd5 4.
c4 Nf6 5. Nc3 e6 6. Nf3 Bb4 7.
Bd3 dxc4 8. Bxc4 a6 9. Bd3 b5 10. O-O Bb7 11. Qe2 Be7 12. Bg5 O-O 13. a3 h6 14. Bh4 Nc6 15. Rad1 Nd5 16. Qe4 g6 17. Nxd5 exd5 18. Qg4 Bxh4 19. Nxh4 Qg5 20. Qxg5 hxg5 21. Nf3 g4 22. Ne5 Nxd4 23. Nxg4 Kg7 24. Rfe1 Ne6 25. Ne5 Rfe8 26. g3 d4 27. f4 Rac8 28. Kf2 Nc5 29. Bb1 Red8 30. h4 f5 31. h5 Ne4+ 32. Bxe4 fxe4 33. hxg6 e3+ 34. Ke2 Be4 35. Rc1 d3+ 36. Nxd3 Bxd3+ 37. Kxe3 Bxg6 38. Rxc8 Rxc8 39. Rd1 Re8+ 40.
Kf2 Bf5 41. Rd5 Kf6 42. Rd6+ Re6 43. Rd5 Rc6 44. Ke3 Re6+ 45. Kd4 Rc6 46. Rd8 Be6 47. Ke3 Rc2 48. Ra8 Rxb2 49. Rxa6 Rb3+ 50. Kf2 Ke7 51.
Ra7+ Kd6 52. Ra8 Bg4 53. Rd8+ Kc5 54. Rg8 Be6 55. Re8 Bd5 56. Re3 Rb2+ 57. Re2 Rb3 58. Re3 Kc4 59. Re8 Rf3+ 60. Ke2 Rxg3 61. Ra8 Kd4 62.
Ra5 Rg2+ 63. Kf1 Rb2 64. f5 Bc4+ 65. Ke1 Ke5 66. a4 Ra2 67. f6 Kd4 68. f7 Bxf7 69.
Rxb5 Rxa4 70. Rb2 Bc4 71. Kd2 Ra3 72. Kc2 Rc3+ 73. Kd2 Re3 74. Rb8 Re2+ 75. Kd1 Kc3 76. Rc8 Rf2 77. Re8 Rf1+ 78. Re1 Bb3+ 79. Ke2 Bc4+ 80.
Kd1 Rf2 81. Re3+ Bd3 82. Re8 Rf1+ 83. Re1 Rf2 84. Re8 Ra2 85. Rc8+ Bc4 86. Ke1 Re2+ 87. Kd1 Re7 88. Rc5 Kd4 89. Rc8 Kc3 90. Rc5 Re6 91. Rc8 Rf6 92. Re8 Rf5 93. Re3+ Bd3 94. Re8 Rf1+ 95.
Re1 Rf2 96. Re8 Rf5 97. Rc8+ Bc4 98. Re8 Kd3 99. Rd8+ Bd5 100. Kc1 Kc3 101. Rc8+ Bc4 102. Rd8 Ra5 103. Rb8 Ra1+ 104. Rb1 Ra2 105. Rb8 Rf2 106. Rd8 Rc2+ 107. Kb1 Re2 108. Kc1 Re1+ 109. Rd1 Re5 110. Rd2 Bd3 111. Kd1 Rb5 112. Ke1 Re5+ 113. Kd1 Rf5 114. Kc1 Rb5 0-1

[Event "*** Titled Tuesday 3|2 Blitz"]
[Site "Chess.com"]
[Date "2016.10.04"]
[Round "6"]
[White "psv98"]
[Black "Ar4uha"]
[Result "1-0"]
[WhiteElo "2594"]
[BlackElo "2474"]
[TimeControl "180+2"]
[EndTime "18:15:16 PDT"]
[Termination "psv98 won by resignation"]

1. b3 Nf6 2. Bb2 d5 3. e3 Bg4 4. f3 Bf5 5. Ne2 h6 6. Nbc3 c5 7. d4 Nc6 8. a3 e6 9. Qd2 Qa5 10. g4 Bh7 11. h4 cxd4 12. exd4 Bd6 13. g5 Nh5 14. f4 Bf5 15. Bg2 O-O-O 16. Bf3 g6 17. b4 Qb6 18. O-O-O a5 19. Na4 Qb5 20.
Nec3 Qc4 21. Nb6+ Kc7 22. Nxc4 Bxf4 23. Ne3 1-0

[Event "*** Titled Tuesday 3|2 Blitz"]
[Site "Chess.com"]
[Date "2016.10.04"]
[Round "6"]
[White "jk13"]
[Black "rithwik2002"]
[Result "1-0"]
[WhiteElo "2478"]
[BlackElo "1976"]
[TimeControl "180+2"]
[EndTime "18:15:41 PDT"]
[Termination "jk13 won by resignation"]

1. Nf3 d6 2. e4 c5 3. Bb5+ Bd7 4. Bxd7+ Nxd7 5. O-O Ngf6 6. Qe2 Rc8 7. c3 e6 8. d4 cxd4 9. cxd4 Nb6 10. Nc3 Be7 11.
Bf4 O-O 12. Rad1 d5 13. e5 Nfd7 14. Rd3 Bb4 15. Nb1 a5 16. Rfd1 Nc4 17. Ng5 h6 18.
Nh3 b5 19. b3 Na3 20. Nxa3 Bxa3 21. Qg4 Rc2 22. Bxh6 g6 23. Nf4 Kh7 24. Rh3 1-0

[Event "*** Titled Tuesday 3|2 Blitz"]
[Site "Chess.com"]
[Date "2016.10.04"]
[Round "6"]
[White "GulamaliRises"]
[Black "Izoria123"]
[Result "0-1"]
[WhiteElo "2481"]
[BlackElo "2568"]
[TimeControl "180+2"]
[EndTime "18:16:00 PDT"]
[Termination "Izoria123 won by resignation"]

1. e4 c6 2. d4 d5 3. f3 Qb6 4.
Nc3 dxe4 5. Nxe4 Nd7 6. c3 Ngf6 7. Bd3 e6 8. Ne2 c5 9. Be3 cxd4 10. Bxd4 Qxb2 11.
Nxf6+ gxf6 12. O-O a6 13. Rb1 Qa3 14. Nf4 Bc5 15.
Nh5 Qxc3 0-1

[Event "*** Titled Tuesday 3|2 Blitz"]
[Site "Chess.com"]
[Date "2016.10.04"]
[Round "6"]
[White "pKiLz5Rn9b"]
[Black "MattyDPerrine"]
[Result "1-0"]
[WhiteElo "2527"]
[BlackElo "2261"]
[TimeControl "180+2"]
[EndTime "18:16:47 PDT"]
[Termination "pKiLz5Rn9b won by resignation"]

1. e4 c5 2. c3 Nf6 3. e5 Nd5 4. Nf3 e6 5. d4 cxd4 6. cxd4 d6 7.
Bc4 Nb6 8. Bb3 Nc6 9. exd6 Bxd6 10. Nc3 O-O 11. O-O Be7 12. Be3 Nb4 13. Qe2 N4d5 14.
Ne5 Bf6 15. Ne4 Be7 16. Rac1 Bd7 17. Nc5 Bc8 18. Rfd1 Bd6 19. Qf3 Qe7 20. Ne4 Bd7 21. Bg5 f6 22. Bh4 Ba4 23. Bxa4 Nxa4 24. Nc4 Bc7 25. Qb3 Nab6 26. Na5 Rab8 27. Nc5 Bf4 28. Rc2 Qf7 29. Bg3 Bxg3 30. hxg3 Rfe8 31. Re1 Nc8 32. Rce2 Nc7 33. Naxb7 Nb6 34. Nd6 Qf8 35. Nxe8 Rxe8 36. Nxe6 Nxe6 1-0

[Event "*** Titled Tuesday 3|2 Blitz"]
[Site "Chess.com"]
[Date "2016.10.04"]
[Round "6"]
[White "brightthunder"]
[Black "Scott-fox21"]
[Result "0-1"]
[WhiteElo "2291"]
[BlackElo "2167"]
[TimeControl "180+2"]
[EndTime "18:17:24 PDT"]
[Termination "Scott-fox21 won by resignation"]

1. e4 c5 2. Nf3 d6 3. d4 cxd4 4. Nxd4 Nf6 5. Nc3 Nc6 6. f3 g6 7. Be3 Bg7 8. Qd2 O-O 9. Bc4 Bd7 10. O-O-O Na5 11. Bb3 Rb8 12. g4 b5 13. Bh6 Nc4 14.
Bxc4 bxc4 15. Bxg7 Kxg7 16. Kb1 Qb6 17. Qc1 Qb4 18. Ka1 a5 19. a3 Qc5 20. Qd2 Rb7 21.
Rb1 Rfb8 22. h4 h5 23. g5 Ne8 24. Rhf1 e5 25. Nde2 Nc7 26. Ka2 Nb5 27. Nxb5 Rxb5 28. Nc3 Rb4 29. f4 Qb6 30. Nd1 Rb5 31. c3 Rb3 32.
fxe5 Rxa3+ 0-1

[Event "*** Titled Tuesday 3|2 Blitz"]
[Site "Chess.com"]
[Date "2016.10.04"]
[Round "6"]
[White "Joshukid"]
[Black "michaelk123"]
[Result "1-0"]
[WhiteElo "2369"]
[BlackElo "2231"]
[TimeControl "180+2"]
[EndTime "18:17:28 PDT"]
[Termination "Joshukid won on time"]

1. d4 Nf6 2. c4 g6 3. Nc3 d5 4. Nf3 Bg7 5. Bg5 Ne4 6. Bh4 Nxc3 7. bxc3 dxc4 8. e3 Be6 9. Qb1 Qd5 10. Be2 Bf5 11. Qb4 c5 12. Qxc4 Qxc4 13. Bxc4 Be4 14. Be2 Nc6 15. O-O cxd4 16. cxd4 e5 17. dxe5 O-O 18.
Bf6 Rfe8 19. Nd2 Bf5 20. Bxg7 Kxg7 21. f4 Rad8 22. Nb3 Bd3 23. Bxd3 Rxd3 24. Kf2 Red8 25.
Ke2 Rc3 26. Rac1 Rxc1 27. Rxc1 Rd5 28. Rd1 Rb5 29. Rd7 Kg8 30. Rd2 a5 31. Nd4 Rc5 32. Nxc6 Rxc6 33. Rb2 b6 34. Kd3 Kf8 35. Rc2 Rxc2 36.
Kxc2 b5 37. Kc3 Ke7 38. Kd4 Ke6 39. e4 1-0

[Event "*** Titled Tuesday 3|2 Blitz"]
[Site "Chess.com"]
[Date "2016.10.04"]
[Round "6"]
[White "agser"]
[Black "wonderfultime"]
[Result "0-1"]
[WhiteElo "2518"]
[BlackElo "2691"]
[TimeControl "180+2"]
[EndTime "18:17:35 PDT"]
[Termination "wonderfultime won on time"]

1. d4 d5 2. c4 c6 3. Nf3 Nf6 4.
Nc3 dxc4 5. a4 Bf5 6. Ne5 Nbd7 7. Nxc4 Nb6 8. Ne5 a5 9. g3 e6 10. Bg2 Bb4 11. O-O h6 12. e3 O-O 13. Qe2 Nfd7 14.
Nxd7 Nxd7 15. e4 Bg6 16. Rd1 Nf6 17. Bf4 Qb6 18. f3 Rfd8 19. Be3 Qc7 20. Rac1 Qe7 21. Na2 Nd7 22. Nxb4 Qxb4 23. Rc4 Qb3 24. Bf2 Nb6 25. Rc3 Qb4 26. d5 Nxa4 27. Rc4 Qb5 28. Qc2 cxd5 29.
Rxa4 Rdc8 30. Bf1 Qxf1+ 31. Kxf1 Rxc2 32. exd5 Rxb2 33. d6 Bc2 34. Raa1 Bxd1 35. Rxd1 Rb5 36. d7 Rd8 0-1

[Event "*** Titled Tuesday 3|2 Blitz"]
[Site "Chess.com"]
[Date "2016.10.04"]
[Round "6"]
[White "GasconJR"]
[Black "Schwarzschidl"]
[Result "0-1"]
[WhiteElo "2274"]
[BlackElo "2340"]
[TimeControl "180+2"]
[EndTime "18:17:58 PDT"]
[Termination "Schwarzschidl won by resignation"]

1. e4 e5 2. Nf3 Nc6 3. Bb5 a6 4. Ba4 Nf6 5. O-O b5 6. Bb3 Bc5 7. c3 d6 8. d4 Bb6 9. h3 Bb7 10.
Bg5 h6 11. Bh4 O-O 12. d5 Nb8 13. Nbd2 Nbd7 14. Nh2 g5 15. Bg3 Re8 16. Kh1 Nf8 17. h4 Ng6 18. hxg5 hxg5 19. Bc2 Nf4 20. Ndf3 Nh7 21.
Ng4 Kg7 22. Bxf4 gxf4 23. g3 Bc8 24. Nh4 Rh8 25. Kg2 Qg5 26. Nf5+ Bxf5 27. exf5 fxg3 28.
f4 exf4 0-1

[Event "*** Titled Tuesday 3|2 Blitz"]
[Site "Chess.com"]
[Date "2016.10.04"]
[Round "6"]
[White "AdrianaNikolova"]
[Black "FearlessKing64"]
[Result "1-0"]
[WhiteElo "2249"]
[BlackElo "2189"]
[TimeControl "180+2"]
[EndTime "18:17:58 PDT"]
[Termination "AdrianaNikolova won by resignation"]

1. e4 c5 2. Nf3 d6 3. d4 cxd4 4. Nxd4 Nf6 5. Nc3 a6 6. Bg5 e6 7.
f4 Be7 8. Qf3 h6 9. Bxf6 Bxf6 10. O-O-O Qb6 11. Nb3 Qc7 12. Qd3 Be7 13. f5 Nd7 14. Qg3 Ne5 15. fxe6 fxe6 16. h4 Bd7 17. Qxg7 Nf7 18. Be2 h5 19. Rhf1 Rf8 20. Bxh5 O-O-O 21. Rxf7 Rg8 22. Qd4 Bxh4 23. Qxd6 Bg5+ 24. Kb1 Qxd6 25. Rxd6 Bc6 26. Rxd8+ Rxd8 27. Bg4 Kb8 28. Na5 Be8 29. Rxb7+ Ka8 30. Rg7 Bf6 31. Rg8 Rb8 32. Nd1 Rd8 33. e5 Be7 34. Bf3+ Ka7 35. Nc6+ Bxc6 36. Rxd8 Bxd8 37. Bxc6 Kb6 38. Bd7 1-0

[Event "*** Titled Tuesday 3|2 Blitz"]
[Site "Chess.com"]
[Date "2016.10.04"]
[Round "6"]
[White "iturrizaga"]
[Black "ShimanovAlex"]
[Result "1-0"]
[WhiteElo "2618"]
[BlackElo "2596"]
[TimeControl "180+2"]
[EndTime "18:18:04 PDT"]
[Termination "iturrizaga won by resignation"]

1. Nf3 Nf6 2. c4 c6 3. Nc3 d5 4.
e3 a6 5. b3 Bg4 6. d4 e6 7. Bd2 Nbd7 8. Bd3 Bd6 9. h3 Bh5 10.
O-O O-O 11. e4 dxe4 12. Nxe4 Nxe4 13. Bxe4 f5 14. Bc2 e5 15. g4 fxg4 16. Ng5 Nf6 17. hxg4 Bxg4 18. Bxh7+ Kh8 19. Qc2 exd4 20. Kg2 Qd7 21. Rh1 Bh5 22. Bf5 Qc7 23. Be6 g6 24. Qxg6 Rg8 25. Qxf6+ 1-0

[Event "*** Titled Tuesday 3|2 Blitz"]
[Site "Chess.com"]
[Date "2016.10.04"]
[Round "6"]
[White "FearNoEvil12"]
[Black "ka1ser64"]
[Result "0-1"]
[WhiteElo "2005"]
[BlackElo "2234"]
[TimeControl "180+2"]
[EndTime "18:18:05 PDT"]
[Termination "ka1ser64 won by resignation"]

1. e4 e6 2. d4 d5 3. Nc3 Nc6 4. e5 f6 5. f4 fxe5 6. dxe5 Qe7 7. Nf3 Qf7 8. Be3 Be7 9. Bb5 Bd7 10. O-O Nh6 11. Bxc6 Bxc6 12. Nd4 Bd7 13. Ndb5 Bd8 14. f5 Nxf5 15. Qd2 O-O 16. Nd4 Qg6 17. Nxf5 Rxf5 18.
Rxf5 Qxf5 19. Rf1 Qxe5 20. Bd4 Qg5 21. Qf2 Bf6 22. Bxf6 gxf6 23. Qxf6 Qxf6 24. Rxf6 Rf8 25. Rxf8+ Kxf8 26. Kf2 Kf7 27. Ke3 c5 28. Ne2 e5 29.
c3 Bg4 30. Ng3 b5 31. h3 Be6 32. b3 a5 33. Ne2 Bf5 34. a3 Ke6 35. b4 d4+ 36.
cxd4 cxd4+ 37. Kf3 axb4 38. axb4 Kd5 39. g4 Bd3 40. Ng3 e4+ 41. Kf4 e3 42. Kf3 Bg6 43. h4 Kc4 44. h5 Bd3 45. g5 Kxb4 46. g6 hxg6 47. h6 g5 48. Ne4 Bxe4+ 49. Kxe4 e2 50. h7 e1=Q+ 51. Kxd4 Qe8 0-1

[Event "*** Titled Tuesday 3|2 Blitz"]
[Site "Chess.com"]
[Date "2016.10.04"]
[Round "6"]
[White "michaelq2d5"]
[Black "theprosecution1"]
[Result "0-1"]
[WhiteElo "2515"]
[BlackElo "2485"]
[TimeControl "180+2"]
[EndTime "18:18:23 PDT"]
[Termination "theprosecution1 won by resignation"]

1. d4 Nf6 2. c4 g6 3. Nc3 d5 4.
Bf4 Bg7 5. e3 O-O 6. cxd5 Nxd5 7. Nxd5 Qxd5 8. Bxc7 Na6 9. Bxa6 bxa6 10. Nf3 Bf5 11. O-O Rac8 12. Bf4 Rc2 13. b3 Rfc8 14. Be5 f6 15. Bg3 g5 16. Nd2 Bd3 17. Re1 h5 18. h4 g4 19. Nc4 Be4 20. f3 Rxg2+ 21. Kxg2 Bxf3+ 22. Kh2 Bxd1 23. Raxd1 a5 24. e4 Qb5 25. d5 a4 26. d6 exd6 27. Nxd6 Rc2+ 28. Kh1 Qb4 29. Nf5 Qc3 30. Re3 Qb2 31. Rd8+ Bf8 32. Nh6+ Kh7 33. Rxf8 Rc1+ 34. Be1 Qf2 35. Nf5 Rxe1+ 36.
Rxe1 Qxe1+ 37. Kh2 Qe2+ 38. Kg3 Qf3+ 39. Kh2 Qxe4 40.
Ng3 Qc2+ 41. Kh1 Qb1+ 42. Kh2 Qxa2+ 43. Kh1 Qxb3 44. Nxh5 Qd5+ 0-1

[Event "*** Titled Tuesday 3|2 Blitz"]
[Site "Chess.com"]
[Date "2016.10.04"]
[Round "6"]
[White "Quiet_Desperation"]
[Black "JMatias"]
[Result "0-1"]
[WhiteElo "2216"]
[BlackElo "2216"]
[TimeControl "180+2"]
[EndTime "18:18:27 PDT"]
[Termination "JMatias won by resignation"]

1. e4 e6 2. d4 d5 3. Nc3 Nf6 4. e5 Nfd7 5. f4 c5 6. Nf3 Nc6 7.
Be3 Be7 8. Qd2 O-O 9. dxc5 Nxc5 10. O-O-O a6 11. h4 b5 12. Kb1 Na4 13. Nxa4 bxa4 14.
Bd3 Rb8 15. Qe2 h6 16. f5 exf5 17. Qd2 Qa5 18. Qxa5 Nxa5 19. Nd4 Nc4 20. Bxc4 dxc4 21.
Nc6 Rb7 22. Nxe7+ Rxe7 23. Bc5 Ree8 24. Bxf8 Kxf8 25. Rhe1 Bb7 26. g3 Be4 27. Rd4 Rc8 28. Rexe4 fxe4 29. Rxe4 Ke7 30. Kc1 Ke6 31. Kd2 Kd5 32.
Ke3 Rb8 33. Rd4+ Kxe5 34. Rxc4 Rxb2 35. Rxa4 Rxc2 36. Ra5+ Ke6 37. Rxa6+ Kf5 38. a4 Ra2 39. Ra7 Kg4 40. Rxf7 g6 41. Rf6 Ra3+ 42. Kf2 Ra2+ 43. Ke3 Kh5 44. Rf4 g5 45. hxg5 hxg5 46. Rb4 Ra3+ 47. Kf2 Ra2+ 48. Kf3 Ra3+ 49. Kf2 Rc3 50. a5 Ra3 51. Rb5 Kg4 52. Rb4+ Kh3 53. Rb5 Ra2+ 54. Kf3 g4+ 55. Kf4 Ra4+ 56. Kg5 Kxg3 57. Rb3+ Kh2 58. Rb2+ Kh3 59. Rb3+ g3 60. Rb5 g2 61. Kf6 g1=Q 62.
Rh5+ Kg3 63. Rg5+ Rg4 0-1

[Event "*** Titled Tuesday 3|2 Blitz"]
[Site "Chess.com"]
[Date "2016.10.04"]
[Round "6"]
[White "maciek_92"]
[Black "chito89"]
[Result "1-0"]
[WhiteElo "2622"]
[BlackElo "2569"]
[TimeControl "180+2"]
[EndTime "18:18:31 PDT"]
[Termination "maciek_92 won by resignation"]

1. c4 e5 2. Nc3 Nc6 3. g3 Bc5 4.
Bg2 d6 5. e3 a6 6. Nge2 Ba7 7.
d4 Nge7 8. O-O Bf5 9. h3 Qd7 10. Kh2 Rb8 11. g4 Bg6 12. f4 exd4 13. exd4 f5 14.
d5 Nd8 15. Ng3 O-O 16. g5 b5 17. cxb5 axb5 18. b4 Bf7 19. Bb2 c5 20. a4 bxa4 21. b5 Bb6 22. Re1 Nb7 23. Nxa4 Ba5 24. Rxe7 Qxe7 25. Nxf5 Qd7 26. Nxg7 Bb4 27. f5 Na5 28. Qg4 Nb3 29. Rd1 Qxb5 30. g6 hxg6 31. fxg6 Be8 32. Qh5 1-0

[Event "*** Titled Tuesday 3|2 Blitz"]
[Site "Chess.com"]
[Date "2016.10.04"]
[Round "6"]
[White "Noukii"]
[Black "Kawhi_Leonard2"]
[Result "1-0"]
[WhiteElo "2591"]
[BlackElo "2019"]
[TimeControl "180+2"]
[EndTime "18:18:36 PDT"]
[Termination "Noukii won on time"]

1. d4 Nf6 2. c4 e6 3. Nc3 Bb4 4. Nf3 O-O 5. Bg5 h6 6. Bh4 b6 7.
e3 Bb7 8. Bd3 d6 9. O-O Bxc3 10.
bxc3 Nbd7 11. Nd2 e5 12. Qc2 Re8 13. e4 g5 14. Bg3 Nh5 15. Rfe1 Qf6 16. Nf1 exd4 17.
f3 dxc3 18. Ne3 Nc5 19. Bf1 Nf4 20. Rad1 h5 21. Nf5 Rad8 22. Bf2 g4 23. Bh4 Qe5 24. Bg3 Nce6 25. Qc1 Qc5+ 26. Kh1 Ng6 27. Qxc3 Kh7 28. Qf6 Rd7 29. Bd3 Rg8 30. Rf1 gxf3 31. gxf3 b5 32. Rc1 b4 33. Rg1 a5 34. Rg2 a4 35. Rcg1 b3 36. Bf2 Qe5 37. Qxe5 dxe5 38. Bb1 Nef4 39.
Rg5 f6 40. R5g3 1-0

[Event "*** Titled Tuesday 3|2 Blitz"]
[Site "Chess.com"]
[Date "2016.10.04"]
[Round "6"]
[White "daro94"]
[Black "dretch"]
[Result "1/2-1/2"]
[WhiteElo "2680"]
[BlackElo "2660"]
[TimeControl "180+2"]
[EndTime "18:18:37 PDT"]
[Termination "Game drawn by agreement"]

1. d4 d5 2. Nf3 Nf6 3. c4 c6 4.
e3 Bg4 5. Qb3 Qb6 6. Nc3 e6 7.
Nh4 Bh5 8. h3 Na6 9. g4 Bg6 10.
Nxg6 hxg6 11. Bg2 Qb4 12. cxd5 Qxb3 13. axb3 Nb4 14. Ke2 Nbxd5 15. Bd2 Be7 16. g5 Nd7 17. f4 a6 18. h4 f6 19. Bh3 Kf7 20. Nxd5 cxd5 21.
Bg4 f5 22. Bf3 Nb8 23. h5 Nc6 24. hxg6+ Kxg6 25. Bc3 Kf7 26. Kd2 g6 27. Ke2 Bd6 28. Rxh8 Rxh8 29. Rh1 Rxh1 30. Bxh1 Ke7 31. Kd3 Kd7 32.
Bf3 Kc7 33. Be2 Kb6 34. Kd2 Na7 35. Kc2 Nb5 36. Bf1 Na7 37. Be2 Nc6 38. Bf1 Bb4 39.
Be2 Ka5 40. Bf1 Ne7 41. Be2 Nc8 42. Bf1 Nd6 43. Be2 Ne4 44. Bf1 Nd6 45. Be2 Nc8 46. Bf1 Ne7 47. Be2 Nc6 48. Bf1 Nb8 49.
Be2 Nd7 50. Bf1 Nb6 51. Be2 Nc8 52. Bf1 Nd6 53. Be2 Ne4 54. Bf1 Nf2 55. Be2 b5 56.
Bf3 Ne4 57. Bxe4 fxe4 58. Kd2 Bxc3+ 59. Kxc3 b4+ 60. Kc2 Kb5 61. Kd2 a5 62. Kc1 a4 63.
bxa4+ Kxa4 64. Kc2 Ka5 65. b3 Kb5 66. Kd2 1/2-1/2

[Event "*** Titled Tuesday 3|2 Blitz"]
[Site "Chess.com"]
[Date "2016.10.04"]
[Round "6"]
[White "Newlight1"]
[Black "3f32"]
[Result "1-0"]
[WhiteElo "2528"]
[BlackElo "2272"]
[TimeControl "180+2"]
[EndTime "18:19:15 PDT"]
[Termination "Newlight1 won by resignation"]

1. e4 e6 2. d4 d5 3. Nd2 Nf6 4.
e5 Nfd7 5. c3 c5 6. Bd3 Nc6 7.
Ngf3 f6 8. exf6 Nxf6 9. O-O cxd4 10. cxd4 Bd6 11. Nb3 O-O 12. Re1 Qc7 13. Bd2 g6 14. Rc1 Nh5 15. Bh6 Rxf3 16. Qxf3 Bxh2+ 17. Kh1 Bf4 18. Bxf4 Qxf4 19. Qxf4 Nxf4 20. Bf1 Bd7 21. g3 Nh5 22. Bb5 Re8 23. Bxc6 Bxc6 24. Na5 Bb5 25. Nxb7 Re7 26. Nc5 Kf7 27. a4 Be8 28. Re5 Ng7 29. b4 h5 30. b5 Nf5 31. Nb3 Kf6 32. Kg2 Nxd4 33. Re3 Nxb3 34. Rxb3 d4 35. a5 d3 36.
Rxd3 Bxb5 37. Rf3+ Kg7 38. Rfc3 Kf6 39. Rc7 Rxc7 40.
Rxc7 a6 41. Kf3 Ke5 42. Rf7 Bc4 43. Ke3 Bb5 44. f4+ Kd5 45. Rg7 Be8 46. Rg8 Bd7 47. Rxg6 Kc5 48. Rg5+ Kb4 49. Rxh5 Bb5 50. g4 Kxa5 51.
g5 Kb6 52. g6 Be8 53. Rg5 a5 54. g7 Bf7 55. g8=Q Bxg8 56. Rxg8 a4 57. Ra8 Kb5 58. Ke4 Kb4 59. Ke5 a3 60. Kxe6 Kb3 61. f5 a2 62.
f6 Kb2 63. f7 a1=Q 64. Rxa1 Kxa1 65. f8=Q Kb2 66. Qc5 Kb3 67. Kd5 Ka4 68. Qb6 Ka3 69.
Kc4 1-0

[Event "*** Titled Tuesday 3|2 Blitz"]
[Site "Chess.com"]
[Date "2016.10.04"]
[Round "6"]
[White "Fins0905"]
[Black "spirals5"]
[Result "1-0"]
[WhiteElo "2443"]
[BlackElo "2266"]
[TimeControl "180+2"]
[EndTime "18:19:20 PDT"]
[Termination "Fins0905 won by resignation"]

1. Nf3 Nf6 2. g3 d5 3. Bg2 c5 4. O-O Nc6 5. d4 e6 6. c4 Be7 7. cxd5 Nxd5 8. Nc3 Nxc3 9. bxc3 cxd4 10. cxd4 O-O 11.
e4 Bd7 12. Rb1 b6 13. Bf4 Rc8 14. d5 exd5 15. exd5 Na5 16. Ne5 Bf6 17. Qd3 Re8 18.
Rfe1 Bxe5 19. Bxe5 Nc4 20. Ba1 Rxe1+ 21. Rxe1 Qg5 22.
Qd4 Nd6 23. h4 Qg6 24. Qf4 Re8 25. Rc1 h5 26. Kh2 Nf5 27. Rc7 Bc8 28. Be4 Qd6 29.
Rxc8 Rxc8 30. Qxf5 Re8 31. Qh7+ Kf8 32. Qh8+ Ke7 33.
Qxg7 Kd8 34. Qf6+ Qxf6 35. Bxf6+ Kd7 36. Bf3 Re1 37. Bxh5 Rc1 38. Bg4+ Kd6 39. h5 Rc2 40. Kg2 Rc5 41. h6 Rxd5 42. h7 1-0

[Event "*** Titled Tuesday 3|2 Blitz"]
[Site "Chess.com"]
[Date "2016.10.04"]
[Round "6"]
[White "FLchessplayer"]
[Black "minnesotachessmaster"]
[Result "1-0"]
[WhiteElo "2013"]
[BlackElo "1761"]
[TimeControl "180+2"]
[EndTime "18:19:29 PDT"]
[Termination "FLchessplayer won on time"]

1. e4 c6 2. d4 d5 3. exd5 cxd5 4.
Bd3 Nc6 5. c3 e5 6. dxe5 Nxe5 7.
Bb5+ Nc6 8. Bf4 Bd6 9. Ne2 Nf6 10. h3 O-O 11. O-O Ne5 12. Nd2 a6 13. Ba4 Nd3 14.
Bxd6 Qxd6 15. Qb1 Ne5 16. Nd4 Nh5 17. N2f3 Nf4 18. Bc2 h6 19. Nxe5 Qxe5 20. Qd1 Nxh3+ 21. gxh3 Bxh3 22. Qf3 Bxf1 23. Rxf1 Rad8 24. Kh1 Qg5 25. Nf5 g6 26. Rg1 Qd2 27. Bb3 Kh7 28. Ne3 d4 29. cxd4 Rxd4 30. Qh3 h5 31. Rg2 Qc1+ 32.
Kh2 Qc7+ 33. Kh1 Qc1+ 34. Kh2 Qc7+ 35. Rg3 Re8 36. Bc2 Qe5 37. Kg2 Rd2 38. Bb3 Red8 39. Qh4 Rxf2+ 40. Kxf2 Rd2+ 41. Kg1 Qxb2 42. Qf4 Qc1+ 43.
Nf1 Rg2+ 44. Rxg2 Qxf4 45. Rf2 Qd4 46. Kg2 Kh6 47. Bxf7 h4 48. Bb3 Qg4+ 49. Kh1 Qh3+ 50. Nh2 Qc3 51. Rg2 g5 52. Ng4+ Kg6 53. Nf2 h3 54. Rg1 Qf3+ 55. Kh2 Qxf2+ 56. Kh1 1-0

[Event "*** Titled Tuesday 3|2 Blitz"]
[Site "Chess.com"]
[Date "2016.10.04"]
[Round "6"]
[White "SwiftyMcBishop"]
[Black "johnathan113"]
[Result "1-0"]
[WhiteElo "2083"]
[BlackElo "2280"]
[TimeControl "180+2"]
[EndTime "18:19:34 PDT"]
[Termination "SwiftyMcBishop won by checkmate"]

1. e4 c5 2. Nf3 Nc6 3. c3 Nf6 4.
e5 Nd5 5. d4 cxd4 6. cxd4 d6 7.
Bc4 dxe5 8. Nxe5 e6 9. O-O Bd6 10. Bxd5 exd5 11. Nc3 Be6 12. Bf4 O-O 13. Re1 Re8 14.
Nb5 Bb8 15. Rc1 Qb6 16. Qd3 Nb4 17. Qe2 f6 18. Qh5 Qxb5 19. Rc5 Qa4 20. b3 Bxe5 21. bxa4 Bxf4 22. g3 Bd6 23. Rb5 Bf7 24. Qd1 Rxe1+ 25. Qxe1 Re8 26. Qc3 a5 27. Rxa5 Nc6 28. Rb5 Re7 29.
a5 Na7 30. Rb6 Rc7 31. Qb2 Bg6 32. Rxd6 Be4 33. Rd8+ Kf7 34. f3 Bxf3 35. Qb6 Rc2 36. Qxb7+ Kg6 37. Qxa7 Rg2+ 38. Kf1 Rxh2 39. Rd7 Be4 40.
Rxg7+ Kf5 41. g4+ Kf4 42. Qc7+ Ke3 43. Qxh2 f5 44. Qf2+ Kd3 45. gxf5 Kc3 46. f6 Kd3 47. Kg1 Bg6 48. Rxg6 h5 49. f7 h4 50. f8=Q h3 51.
Kh2 Kc4 52. Qc8+ Kd3 53. Rg3+ Ke4 54. Qe6# 1-0

[Event "*** Titled Tuesday 3|2 Blitz"]
[Site "Chess.com"]
[Date "2016.10.04"]
[Round "6"]
[White "gmshanmeruga"]
[Black "jcibarra"]
[Result "0-1"]
[WhiteElo "2304"]
[BlackElo "2679"]
[TimeControl "180+2"]
[EndTime "18:19:35 PDT"]
[Termination "jcibarra won by checkmate"]

1. d4 Nf6 2. Nf3 g6 3. Bf4 d6 4. e3 Bg7 5. h3 O-O 6. Bd3 Nbd7 7. g4 Qe8 8. Nc3 e5 9. dxe5 dxe5 10. Bg5 e4 11. Bxf6 Nxf6 12. g5 exd3 13. gxf6 Bxf6 14. cxd3 Be6 15. d4 Rd8 16. h4 Bg4 17. Rg1 Bxd4 18. Qe2 Bxc3+ 19. bxc3 Qc6 20. Rxg4 Qxc3+ 21. Kf1 Qxa1+ 22.
Kg2 c6 23. h5 Qf6 24. e4 Rfe8 25. hxg6 hxg6 26. Qe3 b6 27. Rh4 Qg7 28. e5 Rd5 29.
Re4 Re6 30. Qf4 Re8 31. Ra4 a5 32. Qe3 c5 33. Qb3 Rdxe5 34. Nxe5 Qxe5 35. Qf3 Re6 36. Rf4 Qg5+ 37. Rg4 Qh5 38. Qa8+ Kg7 39. Rg3 Qe5 40. Rf3 Qe4 41. Qa6 Rf6 42. Qd3 Qxf3+ 43. Qxf3 Rxf3 44. a4 Kf6 45. Kxf3 Ke5 46. Ke3 g5 47. f3 f5 48.
f4+ gxf4+ 49. Kf3 c4 50. Ke2 Ke4 51. Kf2 f3 52. Ke1 Ke3 53. Kd1 f2 54. Kc2 f1=Q 55.
Kb2 Qe2+ 56. Ka3 Qd3+ 57. Ka2 Qb3+ 58. Ka1 Qxa4+ 59. Kb2 Qb4+ 60. Ka2 c3 61. Ka1 Qb2# 0-1